 Dungeon Crawl Stone Soup version 0.28-a0-622-gbaef9634d7 (webtiles) character file.

Game seed: 11380670793105828892

114424 robertstho the Eclecticist (level 17, 0/112 HPs)
             Began as a Djinni Fire Elementalist on Oct 7, 2021.
             Was an Initiate of Gozag.
             Slain by Jorgrun (16 damage)
             ... on level 15 of the Dungeon.
             The game lasted 01:08:05 (37707 turns).

robertstho the Eclecticist (DjFE)                  Turns: 37707, Time: 01:08:06

Health: 0/112      AC: 12    Str: 17    XL:     17   Next: 20%
Gold:   4141       EV: 18    Int: 23    God:    Gozag SH:  0 Dex: 19

rFire   + + .      SeeInvis .   a - +2 triple sword (protect)
rCold   + . .      Faith    .   (shield currently unavailable)
rNeg    . . .      Spirit   .   N - +1 robe of the Eternal Fruit {Drain rElec Str+7}
rPois   ∞          Reflect  .   i - +2 helmet of the Barber Surgeon {rC+ Str+3}
rElec   +          Harm     .   c - scarf {+Inv}
rCorr   .          Rampage  .   g - +0 pair of gloves
Will    ++...                   (boots unavailable)
Stlth   +++.......              m - amulet of the acrobat
HPRegen 0.28/turn               M - ring "Hengur" {rC+ Will+ Dex+4}
MPRegen 0.00/turn               B - +4 ring of protection

@: unable to drink, flying, very slightly contaminated, studying 2 skills,
invisible
A: no potions, sickness immunity, fire resistance 2, cold vulnerability 1,
float, innate caster, hp casting, extra vitality 1
a: Renounce Religion, Evoke Invisibility, Potion Petition, Call Merchant, Bribe
Branch


You were on level 15 of the Dungeon.
You worshipped Gozag.
Gozag was most pleased with you.
You visited 4 branches of the dungeon, and saw 23 of its levels.
You also visited: Ossuary and Ice Cave.

You collected 8108 gold pieces.
You spent 2908 gold pieces at shops.
You paid 1059 gold pieces to Gozag.

Inventory:

Hand Weapons
 a - a +2 triple sword of protection (weapon)
 s - a +0 scimitar of flaming
 O - a +0 demon blade of venom
Armour
 c - a scarf of invisibility (worn)
 g - a +0 pair of gloves (worn)
 i - the +2 helmet of the Barber Surgeon (worn) {rC+ Str+3}
   (You took it off Robin on level 2 of the Dungeon)

   Str:       It affects your strength (+3).
   rC:        It protects you from cold.
 y - the +3 scale mail "Udiw" {rF+ Int+2 Slay+3}
   (You bought it in a shop on level 5 of the Dungeon)

   Int:       It affects your intelligence (+2).
   Slay:      It affects your accuracy & damage with ranged weapons and melee
   (+3).
   rF:        It protects you from fire.
 z - a scarf of resistance
 A - +1 acid dragon scales
 F - a +2 robe of resistance
 N - the +1 robe of the Eternal Fruit (worn) {Drain rElec Str+7}
   (You found it on level 2 of the Lair of Beasts)

   Str:       It affects your strength (+7).
   rElec:     It insulates you from electricity.
   Drain:     It drains your maximum health when unequipped.
Jewellery
 d - a ring of see invisible
 m - an amulet of the acrobat (around neck)
 B - a +4 ring of protection (right hand)
 M - the ring "Hengur" (left hand) {rC+ Will+ Dex+4}
   (You acquired it on level 2 of the Lair of Beasts)

   [ring of willpower]

   Dex:       It affects your dexterity (+4).
   rC:        It protects you from cold.
   Will:      It increases your willpower.
Wands
 f - a wand of paralysis (9)
 j - a wand of charming (10)
 l - a wand of digging (5)
 p - a wand of acid (21)
 w - a wand of mindburst (10)
 K - a wand of iceblast (46)
Scrolls
 b - 4 scrolls of summoning
 k - 2 scrolls of silence
 n - 6 scrolls of enchant armour
 q - 4 scrolls of immolation
 t - 12 scrolls of teleportation
 x - 2 scrolls of torment
 C - 11 scrolls of identify
 D - 2 scrolls of enchant weapon
 I - 2 scrolls of blinking
 J - 3 scrolls of fog
 Q - 2 scrolls of holy word
 R - 2 scrolls of magic mapping
 T - 2 scrolls of fear
 U - a scroll of brand weapon
Potions
 e - 5 potions of brilliance
 o - 3 potions of might
 u - 4 potions of haste
 v - 4 potions of mutation
 E - 5 potions of lignification
 G - a potion of ambrosia
 H - a potion of berserk rage
 S - a potion of cancellation
 V - a potion of attraction
 Y - a potion of curing
Miscellaneous
 L - a tin of tremorstones (2/2)
 P - a box of beasts


   Skills:
 + Level 7.3 Fighting
 + Level 2.5(6.4) Short Blades
 + Level 9.4(9.5) Long Blades
 + Level 2.2 Slings
 + Level 9.5 Armour
 + Level 10.0 Dodging
 + Level 5.4 Stealth
 + Level 1.4 Shields
 + Level 1.1 Unarmed Combat
 + Level 18.0 Spellcasting
 + Level 2.1 Evocations


You had 9 spell levels left.
You knew the following spells:

 Your Spells              Type           Power      Damage    Failure   Level
a - Foxfire               Conj/Fire      100%       2x1d9     0%          1
b - Scorch                Fire           100%       2d10      0%          2
c - Conjure Flame         Conj/Fire      80%        6-21      0%          3
d - Inner Flame           Hex/Fire       80%        N/A       0%          3
e - Flame Wave            Conj/Fire      80%        3d14      0%          4
f - Apportation           Tloc           100%       N/A       0%          1
g - Corpse Rot            Necr/Air       N/A        N/A       0%          2
h - Searing Ray           Conj           100%       2d8       0%          2
i - Dazzling Flash        Conj/Hex       100%       N/A       0%          3
j - Summon Ice Beast      Ice/Summ       80%        N/A       0%          4
k - Summon Forest         Summ/Tloc      40%        N/A       1%          5
l - Conjure Ball Lightni  Conj/Air       40%        3x3d13    1%          6
m - Ozocubu's Refrigerat  Ice            40%        4d13      1%          7
Your spell library was empty.

Dungeon Overview and Level Annotations

Branches:
Dungeon (15/15)            Temple (1/1) D:4            Lair (6/6) D:9
 Shoals (0/4) Lair:2       Spider (0/4) Lair:4        Slime (0/5) Lair:5
    Orc (2/2) D:9             Elf (0/3) Orc:2        Depths (0/4) D:15
Ossuary (visited)           IceCv (visited)
 Vaults: D:13-14

Altars:
Ashenzari
Elyvilon
Fedhas
Gozag
Hepliaklqana
Kikubaaqudgha
Makhleb
Nemelex Xobeh
Okawaru
Ru
Sif Muna
Trog
Uskayaw
Vehumet
Wu Jian
Xom
Zin
The Shining One
Jiyva

Shops:
D:5 [   D:8 (   D:10 ?   D:15 :   Orc:1 *   Orc:2 **?!

Annotations:
D:15 Jorgrun


Innate Abilities, Weirdness & Mutations

You cannot drink.
You are immune to sickness and miasma.
You are immune to poison.
Your flesh is very heat resistant. (rF++)
You are vulnerable to cold. (rC-)
You float through the air rather than walking.
You learn spells naturally, not from books.
Your magical power is your life essence.
You have superior vitality. (+4 HP)


Message History

Your ball lightning completely resists.
Your ball lightning explodes!
The blast of lightning engulfs you! You resist.
The blast of lightning engulfs Jorgrun!!
Jorgrun is heavily wounded.
Unknown command.
You feel much better. Jorgrun hits you but does no damage.
You closely miss Jorgrun.
Jorgrun is heavily wounded.
Jorgrun misses you.
Casting: Conjure Ball Lightning (mildly dangerous; 1% risk of failure)
Confirm with . or Enter, or press ? or * to list all spells.
The heat is drained from your surroundings.
You feel very cold.
Jorgrun is frozen.
Jorgrun resists.
Jorgrun is severely wounded.
Jorgrun hits you with a +0 vorpal quarterstaff.
Unknown command.
Casting: Ozocubu's Refrigeration (dangerous; 1% risk of failure)
Confirm with . or Enter, or press ? or * to list all spells.
The heat is drained from your surroundings.
You feel very cold.
Jorgrun is frozen.
Jorgrun resists.
Jorgrun is severely wounded.
Jorgrun barely misses you.
Unknown command.
Casting: Ozocubu's Refrigeration (dangerous; 1% risk of failure)
Confirm with . or Enter, or press ? or * to list all spells.
The heat is drained from your surroundings.
You feel very cold.
Jorgrun is frozen.
Jorgrun resists.
Jorgrun is almost dead.
Jorgrun hits you with a +0 vorpal quarterstaff!
* * * LOW HITPOINT WARNING * * *
x2
Casting: Ozocubu's Refrigeration (dangerous; 1% risk of failure)
Confirm with . or Enter, or press ? or * to list all spells.
The heat is drained from your surroundings.
You feel very cold.
Jorgrun is frozen.
Jorgrun resists.
Jorgrun is almost dead.
* * * LOW HITPOINT WARNING * * *
Jorgrun hits you with a +0 vorpal quarterstaff!
You die...
Your body crumbles into a pile of gold.

### #.# #####.######
#########
#....@.....#
........#
#.###g####.#
#######.# #........#
#######.####.###.##.#
...........∩.###.##.#
.######.###..##.....#
.# #...###.#...####
.# #...# #......## .#
#...###.......## #


You could see Jorgrun.

Vanquished Creatures
  A frost giant (IceCv)
  Nessos (D:12)
  An ettin (D:15)
  Harold (D:7)
  2 boulder beetles
  4 hydras
  3 centaur warriors
  A tengu warrior (D:15)
  5 two-headed ogres
  7 death yaks
  3 orc high priests (Orc:2)
  Sonja (D:12)
  A fire crab (Lair:5)
  2 deep trolls (D:15)
  2 wizards (D:15)
  5 orc knights
  Pikel (D:6)
  4 deep elf pyromancers
  2 ugly things (D:10)
  3 manticores
  5 orc sorcerers
  2 cyclopes
  A faun (Lair:4)
  An ice statue (IceCv)
  6 black mambas
  3 elephants
  3 gargoyles
  A torpor snail (Lair:2)
  Maggie (D:7)
  10 cane toads
  2 kobold demonologists
  8 komodo dragons
  11 rime drakes
  A tengu conjurer (D:15)
  11 polar bears
  6 trolls
  6 hornets
  2 jumping spiders (Lair:4)
  A wind drake (Lair:2)
  2 slime creatures (D:13)
  16 dream sheep
  6 blink frogs
  Sigmund (D:3)
  12 spriggans (Lair:6)
  2 shadows
  3 wraiths
  5 wyverns
  46 yaks
  4 basilisks
  4 vampire mosquitoes (D:10)
  4 wargs
  Edmund (D:6)
  2 acid dragons
  15 water moccasins
  Duvessa (D:7)
  2 ice beasts
  18 orc warriors
  A sky beast (D:7)
  4 black bears
  A necrophage (D:4)
  4 boggarts (Lair:6)
  3 ogres (Orc:2)
  66 wolves
  14 centaurs
  3 lemures (D:6)
  2 kobold brigands
  An elf zombie (Ossuary)
  15 bullfrogs
  A gnoll sergeant (D:9)
  4 scorpions
  A wyvern skeleton (D:6)
  Dowan (D:7)
  8 wights
  6 killer bees (D:10)
  3 howler monkeys
  An electric eel (Lair:6)
  5 hounds
  A bullfrog zombie (D:5)
  9 centaur zombies
  A jelly (D:6)
  19 orc priests
  Crazy Yiuf (D:4)
  A gnoll shaman (D:7)
  2 centaur skeletons
  Ijyb (D:3)
  6 hell rats (Lair:5)
  18 orc wizards
  A howler monkey zombie (D:9)
  2 mummies (Ossuary)
  Robin (D:2)
  2 adders
  14 gnolls
  A howler monkey skeleton (D:6)
  A shadow imp (D:6)
  12 white imps (Lair:2)
  A worm (D:2)
  A dart slug (D:3)
  43 orcs
  2 ball pythons (D:1)
  13 endoplasms
  8 giant cockroaches
  16 goblins
  14 hobgoblins
  2 jackals (D:3)
  14 kobolds
  5 quokkas
  6 bats
  2 frilled lizards (D:3)
  A goblin zombie (Ossuary)
  12 hobgoblin zombies (Ossuary)
  2 jackal zombies (Ossuary)
  9 kobold zombies (Ossuary)
  8 orc zombies (Ossuary)
  6 rats
  A rat zombie (Ossuary)
  A butterfly (D:7)
679 creatures vanquished.

Vanquished Creatures (collateral kills)
  An orc warlord (Orc:1)
  A two-headed ogre (Orc:2)
  5 death yaks (IceCv)
  An orc knight (Orc:2)
  An orc sorcerer (Orc:2)
  6 elephants
  A torpor snail (Lair:1)
  A cane toad (Lair:6)
  2 rime drakes (Lair:5)
  A komodo dragon (Lair:4)
  2 polar bears
  A troll (Orc:1)
  2 blink frogs (Lair:6)
  7 dream sheep (Lair:6)
  6 yaks
  6 orc warriors
  2 wolves
  4 ogres
  A bullfrog (Lair:2)
  An orc priest (Orc:1)
  5 orc wizards
  13 orcs
  9 ball lightnings
79 creatures vanquished.

Vanquished Creatures (others)
  A human (D:5)
  249 ball lightnings
  788 foxfires
  137 fungi
  152 plants
  6 snaplasher vines
1333 creatures vanquished.

Grand Total: 2091 creatures vanquished

Notes
Turn   | Place    | Note
-------+----------+-------------------------------------------
     0 | D:1      | robertstho the Djinni Fire Elementalist began the quest for
                  | the Orb.
     0 | D:1      | Reached XP level 1. HP: 15/15 MP: 0/0
   325 | D:1      | Reached XP level 2. HP: 18/21 MP: 0/0
   669 | D:2      | Reached skill level 3 in Spellcasting
   959 | D:2      | Reached XP level 3. HP: 4/25 MP: 0/0
   959 | D:2      | Learned a level 1 spell: Apportation
  2506 | D:1      | Found a faded altar of an unknown god.
  2710 | D:2      | Reached XP level 4. HP: 29/31 MP: 0/0
  3500 | D:2      | Identified the +2 helmet of the Barber Surgeon {rC+ Str+3}
  3500 | D:2      | Noticed Robin
  3506 | D:2      | Killed Robin
  4019 | D:3      | Reached XP level 5. HP: 35/36 MP: 0/0
  4019 | D:3      | Learned a level 2 spell: Corpse Rot
  4150 | D:3      | Noticed Ijyb
  4178 | D:3      | Killed Ijyb
  4179 | D:3      | Reached skill level 4 in Spellcasting
  4333 | D:3      | Noticed Sigmund
  4339 | D:3      | Killed Sigmund
  4340 | D:3      | Reached XP level 6. HP: 27/41 MP: 0/0
  5160 | D:4      | Noticed a black bear
  5168 | D:4      | Killed a black bear
  5169 | D:4      | Reached skill level 1 in Unarmed Combat
  5169 | D:4      | Reached skill level 5 in Spellcasting
  5169 | D:4      | Reached XP level 7. HP: 30/46 MP: 0/0
  5169 | D:4      | Learned a level 2 spell: Searing Ray
  5313 | D:4      | Found an iron altar of Okawaru.
  5349 | D:4      | Found a staircase to the Ecumenical Temple.
  5363 | Temple   | Entered the Ecumenical Temple
  5391 | Temple   | Became a worshipper of Gozag Ym Sagoz the Greedy
  5573 | D:4      | Reached skill level 1 in Fighting
  5573 | D:4      | Reached skill level 1 in Short Blades
  5680 | D:4      | Found a runed translucent door.
  5681 | D:4      | Noticed Crazy Yiuf
  5885 | D:4      | Killed Crazy Yiuf
  5944 | D:5      | Entered Level 5 of the Dungeon
  6283 | D:5      | Reached skill level 6 in Spellcasting
  6283 | D:5      | Reached XP level 8. HP: 36/52 MP: 0/0
  6299 | D:5      | Noticed a kobold demonologist
  6307 | D:5      | Noticed a sun demon
  6307 | D:5      | Killed a kobold demonologist
  6653 | D:5      | Found a hazy altar of Hepliaklqana.
  6656 | D:5      | Found a burning altar of Makhleb.
  6747 | D:5      | Noticed a human
  6750 | D:5      | Killed a human
  7109 | D:5      | Found Kadwobur's Armour Emporium.
  7159 | D:5      | Reached skill level 7 in Spellcasting
  7159 | D:5      | Reached XP level 9. HP: 33/57 MP: 0/0
  7159 | D:5      | Learned a level 3 spell: Dazzling Flash
  7640 | D:6      | Noticed Edmund
  7655 | D:6      | Killed Edmund
  7857 | D:6      | Reached skill level 8 in Spellcasting
  8187 | D:6      | Noticed a hornet
  8191 | D:6      | Killed a hornet
  8605 | D:6      | Noticed Pikel
  8613 | D:6      | Killed Pikel
  8614 | D:6      | Reached skill level 9 in Spellcasting
  8922 | D:5      | Bought the +3 scale mail "Udiw" {rF+ Int+2 Slay+3} for 498
                  | gold pieces
  8947 | D:7      | Reached XP level 10. HP: 57/63 MP: 0/0
  9031 | D:7      | Found a shimmering altar of Xom.
  9111 | D:7      | Noticed Maggie
  9119 | D:7      | Killed Maggie
  9119 | D:7      | Noticed a two-headed ogre
  9136 | D:7      | Killed a two-headed ogre
  9137 | D:7      | Reached skill level 1 in Armour
  9137 | D:7      | Reached skill level 10 in Spellcasting
  9259 | D:7      | Identified a scroll of acquirement
  9259 | D:7      | Acquired a +2 triple sword of protection
  9349 | D:7      | Found a sand-covered staircase.
  9372 | Ossuary  | Entered an ossuary
  9999 | D:7      | Found a hide-covered altar of Uskayaw.
 10232 | D:7      | Noticed Dowan
 10234 | D:7      | Noticed Duvessa
 10241 | D:7      | Killed Dowan
 10243 | D:7      | Killed Duvessa
 10247 | D:7      | Reached skill level 1 in Long Blades
 10769 | D:7      | Noticed Harold
 10781 | D:7      | Killed Harold
 11061 | D:7      | Reached XP level 11. HP: 56/68 MP: 0/0
 11061 | D:7      | Learned a level 4 spell: Summon Ice Beast
 11454 | D:8      | Found Yliqeik's Antique Weapon Emporium.
 12404 | D:9      | Found a bloodstained altar of Trog.
 12555 | D:9      | Reached skill level 11 in Spellcasting
 12564 | D:9      | Found a staircase to the Lair.
 13008 | D:9      | Found a staircase to the Orcish Mines.
 13414 | D:10     | Entered Level 10 of the Dungeon
 13420 | D:10     | Reached skill level 5 in Long Blades
 13807 | D:10     | Noticed a deep elf pyromancer
 13813 | D:10     | Killed a deep elf pyromancer
 13814 | D:10     | Reached skill level 5 in Dodging
 13816 | D:10     | Reached skill level 5 in Armour
 13882 | D:10     | Reached XP level 12. HP: 74/78 MP: 0/0
 13921 | D:10     | Noticed a centaur warrior
 13959 | D:10     | Killed a centaur warrior
 14443 | D:10     | Noticed a two-headed ogre
 14450 | D:10     | Killed a two-headed ogre
 15140 | D:10     | Bought a scroll of teleportation for 54 gold pieces
 15140 | D:10     | Bought a scroll of teleportation for 54 gold pieces
 15140 | D:10     | Bought a scroll of identify for 36 gold pieces
 15140 | D:10     | Bought 2 scrolls of blinking for 270 gold pieces
 15140 | D:10     | Bought a scroll of identify for 36 gold pieces
 15140 | D:10     | Bought a scroll of identify for 36 gold pieces
 15140 | D:10     | Bought a scroll of teleportation for 54 gold pieces
 15140 | D:10     | Bought a scroll of teleportation for 54 gold pieces
 15185 | D:11     | Noticed a two-headed ogre
 15193 | D:11     | Killed a two-headed ogre
 15220 | D:11     | Noticed a two-headed ogre
 15227 | D:11     | Killed a two-headed ogre
 15699 | D:11     | Noticed an eight-headed hydra
 15707 | D:11     | Killed an eight-headed hydra
 15715 | D:11     | Noticed a two-headed ogre
 15997 | D:11     | Killed a two-headed ogre
 16583 | D:12     | Noticed a four-headed hydra
 16588 | D:12     | Noticed Nessos
 16590 | D:12     | Reached XP level 13. HP: 49/85 MP: 0/0
 16590 | D:12     | Learned a level 5 spell: Summon Forest
 16876 | Lair:1   | Entered Level 1 of the Lair of Beasts
 16880 | Lair:1   | Acquired a manual of Spellcasting
 17274 | Lair:1   | Reached skill level 12 in Spellcasting
 17284 | Lair:1   | Reached skill level 5 in Fighting
 17823 | Lair:1   | Reached skill level 1 in Evocations
 17929 | Lair:2   | Acquired the ring "Hengur" {rC+ Will+ Dex+4}
 18219 | Lair:2   | Found a frozen archway.
 18242 | IceCv    | Entered an ice cave
 18251 | IceCv    | Reached skill level 13 in Spellcasting
 18806 | IceCv    | Reached skill level 5 in Stealth
 19201 | IceCv    | Reached skill level 14 in Spellcasting
 19201 | IceCv    | Reached XP level 14. HP: 27/92 MP: 0/0
 19533 | IceCv    | Noticed a frost giant
 19598 | IceCv    | Killed a frost giant
 20493 | Lair:2   | Reached skill level 1 in Shields
 20493 | Lair:2   | Reached XP level 15. HP: 98/98 MP: 0/0
 20493 | Lair:2   | Learned a level 6 spell: Conjure Ball Lightning
 20584 | Lair:2   | Reached skill level 15 in Spellcasting
 20810 | Lair:2   | Identified the +1 robe of the Eternal Fruit {Drain rElec
                  | Str+7}
 21960 | Lair:3   | You are sucked into a shaft and drop 1 floor!
 23566 | Lair:4   | Found a hole to the Spider Nest.
 25291 | Lair:2   | Found a staircase to the Shoals.
 26130 | Lair:5   | Found a viscous altar of Jiyva.
 26130 | Lair:5   | Found a staircase to the Slime Pits.
 26375 | Lair:5   | Acquired a manual of Armour
 27126 | Lair:5   | Reached skill level 16 in Spellcasting
 28015 | Lair:6   | Entered Level 6 of the Lair of Beasts
 28022 | Lair:6   | Reached XP level 16. HP: 99/105 MP: 0/0
 30513 | Lair:6   | Identified the +0 hand crossbow of Recklessness {elec,
                  | *Corrode Str+3 Int+4 SInv}
 31308 | Orc:1    | Entered Level 1 of the Orcish Mines
 32065 | Orc:1    | Found Dauton's Assorted Antiques.
 32073 | Orc:1    | Bought a potion of haste for 230 gold pieces
 32073 | Orc:1    | Bought a scroll of teleportation for 69 gold pieces
 32073 | Orc:1    | Bought a scroll of teleportation for 69 gold pieces
 32304 | Orc:2    | Entered Level 2 of the Orcish Mines
 32304 | Orc:2    | Found a staircase to the Elven Halls.
 32769 | Orc:2    | Reached skill level 17 in Spellcasting
 33943 | Orc:2    | Found Iniz's Assorted Antiques.
 34362 | Orc:2    | Found Pumogh's General Store.
 34368 | Orc:2    | Found Vucidgh's Distillery.
 34368 | Orc:2    | Found Biaclijy's Magic Scroll Shop.
 34407 | Orc:2    | Bought a curved iron wand for 112 gold pieces
 34410 | Orc:2    | Bought a scroll of teleportation for 42 gold pieces
 34410 | Orc:2    | Bought 3 scrolls of summoning for 399 gold pieces
 34410 | Orc:2    | Bought a scroll of teleportation for 42 gold pieces
 34410 | Orc:2    | Bought a scroll of fear for 49 gold pieces
 34410 | Orc:2    | Bought a scroll of brand weapon for 280 gold pieces
 34410 | Orc:2    | Bought a scroll of fear for 49 gold pieces
 34439 | Orc:2    | Bought a potion of attraction for 48 gold pieces
 34439 | Orc:2    | Bought a potion of haste for 160 gold pieces
 34439 | Orc:2    | Bought a potion of heal wounds for 80 gold pieces
 34441 | Orc:2    | Bought a potion of invisibility for 136 gold pieces
 34441 | Orc:2    | Bought a potion of curing for 51 gold pieces
 35105 | D:12     | Killed Nessos
 35586 | D:12     | Noticed Sonja
 35600 | D:12     | Killed Sonja
 36330 | D:13     | You are sucked into a shaft and drop 2 floors!
 36330 | D:15     | Entered Level 15 of the Dungeon
 36426 | D:15     | Found Xaku's Book Shoppe.
 36463 | D:15     | Reached XP level 17. HP: 89/112 MP: 0/0
 36463 | D:15     | Learned a level 7 spell: Ozocubu's Refrigeration
 36602 | D:15     | Found a staircase to the Depths.
 37034 | D:15     | Reached skill level 10 in Dodging
 37462 | D:15     | Reached skill level 18 in Spellcasting
 37658 | D:15     | Noticed Jorgrun
 37707 | D:15     | Slain by Jorgrun

Illustrated notes

Levels and vault maps discovered:
D:1:      elethiomel_arrival_infinity_welcomes_careful_drivers, layout_basic,
          dilly_ecumenical_altar_fadedgnrine, grunt_decor_mini_mirrors,
          skrybe_limestone_x, minmay_worlds_worst_comb
D:2:      layout_basic, minmay_misc_feat_room, uniq_robin
D:3:      minmay_door_path, layout_basic, uniq_sigmund, uniq_ijyb
D:4:      layout_basic, lemuel_tele_altar, temple_fountains,
          uniq_crazy_yiuf_cottage
D:5:      layout_gridville, tgw_kikubaaqudgha, grunt_temple_overflow_diamond,
          serial_shops, nicolae_take_the_stairs, minivault_27
D:6:      layout_basic, uniq_edmund, uniq_pikel
D:7:      layout_loops_ring, xom_butterflies, kennysheep_little_box,
          enter_ossuary_3, kennysheep_diamond, uniq_harold, uniq_duvessa,
          uniq_maggie
D:8:      layout_gridville, serial_shops, kennysheep_mini
D:9:      layout_basic, lightli_temple_of_fire, due_lair_maze_entry_diamond,
          hex_medium, patterned_corridor
D:10:     layout_basic, minmay_pinched_square
D:11:     layout_rooms
D:12:     layout_basic, kennysheep_generic_room_8, uniq_sonja, uniq_nessos
D:13:     layout_cave_pods, gammafunk_ghost_stat_death
D:15:     hangedman_depths_entry_civil_slaughter, layout_loops_ring,
          serial_shops, shop, lemuel_flame_loot_1, uniq_jorgrun
Temple:   eino_temple_lava
Lair:1:   layout_gridlike, st_stairs_12, grunt_megastairs_2, lemuel_fruit_tree,
          serial_bayou_shore_b
Lair:2:   layout_roguey, minmay_shoals_entry_beasts, portal_ice_cave_entry_imps
Lair:3:   layout_hall_layers, columned_hall_lemuel
Lair:4:   layout_regular_city, spider_nest_entry_a, grunt_forest_large_clearings
Lair:5:   layout_layer_cave, slime_altar_1, special_room
          [special_room_mythical_zoo]
Lair:6:   minmay_lair_end_enchanted_forest, layout_gridlike,
          infiniplex_staircase_pool_2, serial_bayou_shore_a
Orc:1:    layout_caves, serial_shops, shop
Orc:2:    st_orc_elflike, layout_caves

Skill      XL: |  1  2  3  4  5  6  7  8  9 10 11 12 13 14 15 16 17 |
---------------+----------------------------------------------------+-----
Spellcasting   | 3 4 5 6 7 9 10 11 14 16 17 18 | 18.0
Stealth        | 2 3 4 5 |  5.4
Unarmed Combat | 1 |  1.1
Fighting       | 1 2 3 4 5 6 7 |  7.3
Short Blades   | 1 2 |  2.5
Dodging        | 3 4 5 6 7 8 9 10 | 10.0
Armour         | 2 5 7 8 9 |  9.5
Long Blades    | 2 5 7 8 9 |  9.4
Evocations     | 1 2 |  2.1
Slings         | 2 |  2.2
Shields        | 1 |  1.4

Action                   |  1- 3 |  4- 6 |  7- 9 | 10-12 | 13-15 | 16-18 || total
-------------------------+-------+-------+-------+-------+-------+-------++-------
Melee: Short sword       |    20 |    18 |    11 |    11 |       |       ||    60
       Unarmed           |       |    17 |       |       |       |       ||    17
       Triple sword      |       |       |       |    81 |    47 |    42 ||   170
 Cast: Foxfire           |    63 |    76 |    64 |    44 |   155 |    60 ||   462
       Scorch            |    15 |    28 |    29 |    24 |    44 |    33 ||   173
       Flame Wave        |       |     1 |    14 |    65 |    61 |    24 ||   165
       Dazzling Flash    |       |       |     1 |    17 |     6 |     1 ||    25
       Conjure Flame     |       |       |       |     1 |       |       ||     1
       Summon Ice Beast  |       |       |       |       |     8 |     1 ||     9
       Summon Forest     |       |       |       |       |    10 |    13 ||    23
       Conjure Ball Ligh |       |       |       |       |    39 |    81 ||   120
       Ozocubu's Refrige |       |       |       |       |       |    15 ||    15
Invok: Call Merchant     |       |       |       |     1 |       |       ||     1
       Potion Petition   |       |       |       |       |     1 |       ||     1
Evoke: Wand              |       |       |       |     5 |       |       ||     5
       Tin of tremorston |       |       |       |     1 |       |       ||     1
  Use: Scroll            |     2 |     2 |     4 |    14 |    11 |     4 ||    37
       Potion            |       |     2 |       |     3 |     5 |     5 ||    15
 Stab: Sleeping          |       |     2 |       |       |       |     1 ||     3
       Confused          |       |     1 |       |       |       |       ||     1
       Distracted        |       |       |       |       |       |     1 ||     1
Armor: Robe              |    15 |     5 |    15 |       |    27 |    28 ||    90
       Skin              |       |     3 |       |       |       |       ||     3
       Scale mail        |       |       |     2 |   145 |    37 |       ||   184
Dodge: Dodged            |    43 |    36 |    42 |   226 |   229 |   152 ||   728

Table legend: (Time is in decaauts)
 A = Elapsed time spent in this place.
 B = Non-inter-level travel time spent in this place.
 C = Inter-level travel time spent in this place.
 D = Time resting spent in this place.
 E = Time spent auto-exploring this place.
 F = Levels seen in this place.
 G = Mean time per level.
                   A        B        C        D        E       F      G
               +--------+--------+--------+--------+--------+-----+--------+
         Total |  37789 |  36691 |   1098 |   4277 |  27578 |  25 | 1511.6 |
       Dungeon |  20003 |  19424 |    579 |   1874 |  15345 |  14 | 1428.8 |
        Temple |     37 |     28 |      9 |      0 |     19 |   1 |   37.0 |
          Lair |  12190 |  11735 |    455 |   1458 |   8807 |   6 | 2031.7 |
  Orcish Mines |   2712 |   2657 |     55 |    397 |   1729 |   2 | 1356.0 |
       Ossuary |    613 |    613 |      0 |      0 |    466 |   1 |  613.0 |
      Ice Cave |   2233 |   2233 |      0 |    548 |   1212 |   1 | 2233.0 |
               +--------+--------+--------+--------+--------+-----+--------+

Top non-repeatable levels by time:
  Lair:6: 3179 daAuts
  Lair:4: 2634 daAuts
   IceCv: 2233 daAuts
     D:1: 2086 daAuts
  Lair:5: 2072 daAuts
    D:10: 2027 daAuts
    D:12: 1906 daAuts
     D:7: 1889 daAuts
     D:2: 1830 daAuts
   Orc:2: 1786 daAuts
  Lair:2: 1639 daAuts
     D:9: 1638 daAuts
  Lair:3: 1604 daAuts
     D:6: 1541 daAuts
     D:5: 1461 daAuts
